 Dungeon Crawl Stone Soup version 0.30-a0-457-g4b7bca3bfa (webtiles) character file.

Game seed: 16668214676365729936

131 Raultor the Insei (level 5, -1/34 HPs)
             Began as an Octopode Transmuter on Dec 13, 2022.
             Slain by Grinder (9 damage)
             ... while paralysed by Grinder
             ... on level 3 of the Dungeon.
             The game lasted 00:07:01 (2269 turns).

Raultor the Insei (Octopode Transmuter)             Turns: 2269, Time: 00:07:02

Health: -1/34      AC:  1    Str:  9    XL:     5   Next: 14%
Magic:  5/8        EV:  2    Int: 18    God:
Gold:   188        SH:  0    Dex: 12    Spells: 1/8 levels left

rFire   . . .      SeeInvis +      - Unarmed
rCold   + + +      Faith    .    (no shield)
rNeg    . . .      Spirit   .    (helmet restricted)
rPois   .          Reflect  .    (no amulet)
rElec   .          Harm     .    c - ring of protection from cold
rCorr   .          Rampage  .    h - ring of protection from cold
Will    .....                    i - ring of protection from cold
Stlth   ++........               v - ring of see invisible
HPRegen 0.25/turn                (no ring)
MPRegen 0.11/turn                (no ring)
                                 (no ring)
                                 (no ring)

@: paralysed, brilliant, slowed
A: almost no armour, amphibious, 8 rings, camouflage 1, gelatinous body 1,
(nimble swimmer 1), tentacles
a: no special abilities


You were on level 3 of the Dungeon.
You visited 1 branch of the dungeon, and saw 3 of its levels.

You collected 188 gold pieces.


Innate Abilities, Weirdness & Mutations

You cannot wear most types of armour.
You are amphibious.
You can wear up to eight rings at the same time.
Your skin changes colour to match your surroundings (Stealth+).
Your rubbery body absorbs attacks. (AC +1, EV +1)
((You are camouflaged when in or above water. (Stealth+)))
You have tentacles for arms and can constrict up to eight enemies at once.


   Skills:
 + Level 2.0 Fighting
 - Level 2.0 Dodging
 + Level 3.5 Unarmed Combat
 - Level 2.0 Spellcasting
 * Level 3.3 Transmutations
 * Level 2.5 Ice Magic


You had one spell level left.
You knew the following spells:

 Your Spells              Type           Power      Damage    Failure   Level
b - Beastly Appendage     Tmut           40%        N/A       4%          1
c - Ice Form              Ice/Tmut       18%        N/A       47%         4
w - Wereblood             Tmut           20%        N/A       7%          2

Your spell library contained the following spells:

 Spells                   Type           Power      Damage    Failure   Level
 Spider Form              Tmut/Pois      11%        N/A       26%         3
 Stone Arrow              Conj/Erth      4%         3d7       47%         3
 Lehudib's Crystal Spear  Conj/Erth      1%         10d2      100%        8
 Animate Armour           Summ/Erth      Unusable   N/A       N/A         4

Inventory:

Jewellery
 c - a ring of protection from cold (left tentacle)
 h - a ring of protection from cold (right tentacle)
 i - a ring of protection from cold (on tentacle)
 v - a ring of see invisible (on tentacle)
 C - a ring of ice
Scrolls
 b - a scroll of torment {unknown}
 d - 2 scrolls of magic mapping {unknown}
 f - a scroll of noise {unknown}
 j - 2 scrolls of amnesia {unknown}
 k - 2 scrolls of vulnerability {unknown}
 l - a scroll of identify {unknown}
 m - 2 scrolls of teleportation {unknown}
 n - a scroll of poison {unknown}
 q - a scroll of fear {unknown}
Potions
 e - a potion of mutation {unknown}
 g - 2 potions of brilliance
 o - a potion of heal wounds {unknown}

Dungeon Overview and Level Annotations

Branches:
Dungeon (3/15)

Altars:
Vehumet

Shops:
D:1 :

Annotations:
D:3 Grinder

#...# ###.### ######## #####...#
#.....# #).....#
#.......######.###.###.####.#
#.####.......#.# #..........#
#.......####.#.###.###.#.#..#####
#.#.....####.#.....# #.#.#.......
#........#.###.### #......#####
........##.......#####.###.##
#....##.####...5@...##.###.#
#..............†.#####.....#
#..###.####....... ####### ... #.
#.####### .. #. #.. .. ... ...
....


You could see Grinder.


Message History

You smack Natasha!
You kill Natasha!
Natasha growls in agony!
Your Fighting skill increases to level 2!
You have reached level 5!
You feel clever.
It was a potion of curing.
You feel better. Grinder hits you.
You barely miss Grinder.
Grinder is lightly wounded.
Grinder barely misses you. Grinder hits you but does no damage.
You smack Grinder!
Grinder is moderately wounded.
Grinder hits you.
You barely miss Grinder.
Grinder is moderately wounded.
Grinder hits you but does no damage.
You hit Grinder.
Grinder is moderately wounded.
Grinder gestures at you.
You suddenly lose the ability to move!
Grinder gestures at you. You resist with significant effort.
Grinder hits you but does no damage.
You feel less wooden. Grinder hits you!
* * * LOW HITPOINT WARNING * * *
You writhe in agony.
* * * LOW HITPOINT WARNING * * *
Grinder hits you!
You die...

Skill      XL: |  1  2  3  4 |
---------------+-------------+-----
Ice Magic      | 1 2 |  2.5
Transmutations | 3 |  3.3
Fighting       | 2 |  2.0
Dodging        | |  2.0
Unarmed Combat | |  3.5
Spellcasting   | |  2.0

Action                   |  1- 3 |  4- 6 || total
-------------------------+-------+-------++-------
Melee: Unarmed           |    92 |    45 ||   137
       Tentacles         |    16 |     2 ||    18
       Constrict         |    21 |     4 ||    25
       Kick              |    10 |       ||    10
       Punch             |     2 |       ||     2
 Cast: Beastly Appendage |     9 |       ||     9
       Wereblood         |     1 |       ||     1
       Ice Form          |       |     1 ||     1
  Use: Potion            |       |     3 ||     3
 Stab: Sleeping          |     7 |     1 ||     8
Armor: Skin              |    10 |    25 ||    35
Dodge: Dodged            |    70 |    11 ||    81

Levels and vault maps discovered:
D:1:      dpeg_arrival_rhombus, layout_loops_cross, serial_shops, shop
D:2:      layout_loops_ring, basic_altar, minmay_octomino_c4
D:3:      layout_loops_cross, uniq_grinder, uniq_crazy_yiuf_cottage,
          uniq_natasha

Notes
Turn   | Place    | Note
-------+----------+-------------------------------------------
     0 | D:1      | Raultor the Octopode Transmuter began the quest for the
                  | Orb.
     0 | D:1      | Reached XP level 1. HP: 13/13 MP: 3/3
   200 | D:1      | Reached XP level 2. HP: 16/18 MP: 5/5
   454 | D:1      | Reached skill level 1 in Ice Magic
   546 | D:1      | Found Duit's Book Emporium.
   761 | D:2      | Found a radiant altar of Vehumet.
   841 | D:2      | Reached XP level 3. HP: 23/23 MP: 4/6
   844 | D:2      | Learned a level 2 spell: Wereblood
  1664 | D:3      | Reached XP level 4. HP: 26/29 MP: 7/7
  1793 | D:3      | Reached skill level 2 in Ice Magic
  1811 | D:3      | Found a runed translucent door.
  1812 | D:3      | Noticed Crazy Yiuf
  1820 | D:3      | Learned a level 4 spell: Ice Form
  1825 | D:3      | Killed Crazy Yiuf
  1826 | D:3      | Reached skill level 3 in Transmutations
  2221 | D:3      | Noticed Grinder
  2240 | D:3      | Noticed Natasha
  2251 | D:3      | Paralysed by Grinder for 5 turns
  2261 | D:3      | Killed Natasha
  2262 | D:3      | Reached skill level 2 in Fighting
  2262 | D:3      | Reached XP level 5. HP: 26/34 MP: 4/8
  2266 | D:3      | Paralysed by Grinder for 4 turns
  2269 | D:3      | Slain by Grinder

Vanquished Creatures
  Crazy Yiuf (D:3)
  Natasha (D:3)
  2 adders
  A worm (D:2)
  2 dart slugs
  4 endoplasms
  10 goblins
  3 hobgoblins
  2 jackals (D:2)
  2 kobolds
  A quokka (D:1)
  3 ball pythons
  7 bats
  8 frilled lizards
  6 rats
53 creatures vanquished.

Table legend: (Time is in decaauts)
 A = Elapsed time spent in this place.
 B = Non-inter-level travel time spent in this place.
 C = Inter-level travel time spent in this place.
 D = Time resting spent in this place.
 E = Time spent auto-exploring this place.
 F = Levels seen in this place.
 G = Mean time per level.
                   A        B        C        D        E       F      G
               +--------+--------+--------+--------+--------+-----+--------+
         Total |   2248 |   2208 |     40 |      0 |   1769 |   3 |  749.3 |
       Dungeon |   2248 |   2208 |     40 |      0 |   1769 |   3 |  749.3 |
               +--------+--------+--------+--------+--------+-----+--------+

Top non-repeatable levels by time:
     D:2: 824 daAuts
     D:1: 718 daAuts
     D:3: 706 daAuts

Table legend:
 A = Non-vault XP
 B = Vault XP
 C = Vault XP percentage of total XP
 D = Non-vault monster count
 E = Vault monster count
 F = Vault count percentage of total count
                 A         B        C        D         E       F
            +---------+---------+-------+---------+---------+-------
      Total |      90 |      98 |  52.1 |      45 |       8 |  15.1
            +---------+---------+-------+---------+---------+-------
        D:1 |      26 |       0 |   0.0 |      16 |       0 |   0.0
        D:2 |      27 |      21 |  43.8 |      15 |       6 |  28.6
        D:3 |      37 |      77 |  67.5 |      14 |       2 |  12.5
            +---------+---------+-------+---------+---------+-------
